 Dungeon Crawl Stone Soup version 0.30.0-17-ge0270778cf (webtiles) character file.

Game seed: 7276188199584485391

28 Anandil the Stinger (level 2, 0/19 HPs)
             Began as a Demonspawn Venom Mage on May 21, 2023.
             Slain by a gnoll
             ... wielding a +0 club
              (4 damage)
             ... on level 1 of the Dungeon.
             The game lasted 00:03:57 (1488 turns).

Anandil the Stinger (Demonspawn Venom Mage)         Turns: 1488, Time: 00:03:58

Health: 0/19       AC:  4    Str:  8    XL:     2   Next: 96%
Magic:  2/5        EV: 12    Int: 16    God:
Gold:   82         SH:  0    Dex: 13    Spells: 2/5 levels left

rFire   . . .        j - +0 short sword
rCold   . . .        (no shield)
rNeg    . . .        a - +0 robe
rPois   +            (no helmet)
rElec   .            (no cloak)
rCorr   .            (no gloves)
SInv    .            (no boots)
Will    .....        (no amulet)
Stlth   ++           e - ring of poison resistance
HPRegen 0.23/turn    (no ring)
MPRegen 0.09/turn

%: no passive effects
@: no status effects
A: molten scales 1
a: no special abilities


You were on level 1 of the Dungeon.
You visited 1 branch of the dungeon, and saw 2 of its levels.

You collected 82 gold pieces.

Inventory:

Hand Weapons
 j - a +0 short sword (weapon)
Missiles
 c - 9 poisoned darts
Armour
 a - a +0 robe (worn)
Jewellery
 e - a ring of poison resistance (left hand)
Scrolls
 d - a scroll of blinking {unknown}
 h - 2 scrolls of identify {unknown}
 l - a scroll of vulnerability {unknown}
Potions
 f - a potion of heal wounds {unknown}
 g - a potion of haste
 i - a potion of curing {unknown}
 k - a potion of attraction {unknown}


   Skills:
 + Level 2.2 Dodging
 - Level 1.7 Stealth
 + Level 2.3 Spellcasting
 - Level 1.2 Transmutations
 + Level 0.4 Air Magic
 + Level 3.3 Poison Magic


You had 2 spell levels left.
You knew the following spells:

 Your Spells              Type           Power      Damage    Failure   Level
a - Sting                 Tmut/Pois      36%        1d4       8%          1
b - Poisonous Vapours     Pois/Air       14%        N/A       14%         2

Your spell library contained the following spells:

 Spells                   Type           Power      Damage    Failure   Level
 Mephitic Cloud           Conj/Pois/Air  5%         N/A       34%         3
 Olgreb's Toxic Radiance  Pois           12%        N/A       45%         4


Dungeon Overview and Level Annotations

Branches:
Dungeon (2/15)

Altars:


Innate Abilities, Weirdness & Mutations

You are partially covered in molten scales. (AC +2)


Message History

The gnoll attacks as you move away! The gnoll hits you with a +0 club.
* * * LOW HITPOINT WARNING * * *
The gnoll looks more healthy.
The gnoll attacks as you move away! The gnoll completely misses you.
The gnoll attacks as you move away! The gnoll misses you.
The gnoll attacks as you move away! The gnoll barely misses you.
The gnoll attacks as you move away! The gnoll hits you with a +0 club.
The gnoll attacks as you move away! The gnoll hits you with a +0 club.
* * * LOW HITPOINT WARNING * * *
The gnoll attacks as you move away! The gnoll completely misses you.
The gnoll attacks as you move away! The gnoll closely misses you.
Magic courses through your body. The gnoll closely misses you.
Casting: Sting (safe; 8% risk of failure)
Confirm with . or Enter, or press ? or * to list all spells.
Aiming: Sting (safe; 8% risk of failure)
Press: ? - help, Shift-Dir - straight line, f/p - gnoll
Aim: a gnoll, wielding a +0 club (moderately wounded, 72% to hit)
The sting hits the gnoll.
The gnoll is poisoned.
The gnoll is heavily wounded.
The gnoll hits you with a +0 club.
* * * LOW HITPOINT WARNING * * *
Casting: Sting (safe; 8% risk of failure)
Confirm with . or Enter, or press ? or * to list all spells.
Aiming: Poisonous Vapours (safe; 14% risk of failure)
Press: ? - help, Dir - move target, f/p - gnoll
Aim: a gnoll, wielding a +0 club (severely wounded, poisoned) Poisonous vapours surround the gnoll!
The gnoll looks even sicker.
The gnoll closely misses you.
Unknown command.
Unknown command.
Casting: Poisonous Vapours (safe; 14% risk of failure)
Confirm with . or Enter, or press ? or * to list all spells.
Aiming: Sting (safe; 8% risk of failure)
Press: ? - help, Shift-Dir - straight line, f/p - gnoll
Aim: a gnoll, wielding a +0 club (almost dead, very poisoned, 72% to hit)
The sting hits the gnoll but does no damage.
The gnoll looks even sicker.
The gnoll is almost dead.
The gnoll hits you with a +0 club.
You die...

#........##+##+#'####.#
#.........#....#'####.#
..................)...#
##.#+#.............####
#.#.#.............#
#.#.#...#....#....#
#.#.#...+....#..###
#.#.#...#.#..#..#
##.#.#.#+#.#..#.@#######
...#.#.....####.g......#
...#.#.....+......####.#
.....#.....####....#≈#.#
..####.#+#######.###≈#.#
..# #........##...#≈#.#
..# #........##.#..≈..#
..# #........##.#..~..#
..####+#'#######.#..~..#


You could see a gnoll (very poisoned).

Vanquished Creatures
  2 dart slugs (D:1)
  2 endoplasms (D:1)
  4 giant cockroaches
  3 goblins
  A hobgoblin (D:1)
  3 kobolds
  A quokka (D:1)
  4 ball pythons
  A bat (D:1)
  A frilled lizard (D:2)
22 creatures vanquished.

Notes
Turn   | Place    | Note
-------+----------+-------------------------------------------
     0 | D:1      | Anandil the Demonspawn Venom Mage began the quest for the
                  | Orb.
     0 | D:1      | Reached XP level 1. HP: 13/13 MP: 3/3
     5 | D:1      | Noticed an electric eel
    88 | D:1      | Reached skill level 1 in Transmutations
   273 | D:1      | Gained mutation: You are partially covered in molten
                  | scales. (AC +2) [demonic ancestry]
   273 | D:1      | Reached XP level 2. HP: 19/19 MP: 3/5
   391 | D:1      | Learned a level 2 spell: Poisonous Vapours
  1488 | D:1      | Slain by a gnoll

Illustrated notes

Levels and vault maps discovered:
D:1:      arrival_aquarium_a, layout_basic, chequers_serial_rivers_micro_b
D:2:      layout_basic

Skill      XL: |  1 |
---------------+----+-----
Transmutations | 1 |  1.2
Dodging        | 2 |  2.2
Stealth        | |  1.7
Spellcasting   | |  2.3
Air Magic      | |  0.4
Poison Magic   | |  3.3

Action                     || total
---------------------------++-------
  Melee: Unarmed           ||     1
         Short sword       ||     2
   Cast: Sting             ||    40
         Poisonous Vapours ||     7
    Use: Potion            ||     1
 Armour: Robe              ||    21
  Dodge: Dodged            ||    45
